BLB
LOS ANGELES DINOS @ MONTREAL EXPORTS
04/14/2060
 
TOP OF THE 1ST
California Kodiaks batting - Pitching for Wilmington Wildcats : RHP Riley Boland
Pitching: RHP Riley Boland
Batting: RHB Damon Squyres 0-0: Foul Ball, location: 2F
0-1: Ball
1-1: Ball
2-1: Ball
3-1: SINGLE (Groundball, 4D, EV 95.0 MPH)
Batting: LHB Stephen Caskey 0-0: Foul Ball, location: 2F
0-1: Foul Ball, location: 2F
0-2: Fly out, F7 (Flyball, 7LSF, EV 85.0 MPH)
Batting: RHB Stan Sikes 0-0: Reached on error, E8 (Flyball, 89S, EV 96.9 MPH)
Damon Squyres to second
Batting: LHB Andy Wulfeck 0-0: Called Strike
Damon Squyres steals 3rd base
Stan Sikes to second
0-1: Swinging Strike
0-2: Ball
1-2: Ball
2-2: Ground out 4-3 (Groundball, 4, EV 88.1 MPH)
Damon Squyres scores
Stan Sikes to third
Batting: RHB Frank Memmi 0-0: Ball
1-0: Called Strike
1-1: Called Strike
1-2: Fly out, F9 (Flyball, 89S, EV 86.2 MPH)
Top of the 1st over - 1 run, 1 hit, 1 error, 1 left on base; California 1 - Wilmington 0
BOTTOM OF THE 1ST
Wilmington Wildcats batting - Pitching for California Kodiaks : RHP Benjamin Narvaez
Pitching: RHP Benjamin Narvaez
Batting: RHB Evan Yanko 0-0: Called Strike
0-1: Ball
1-1: SINGLE (Groundball, 6MD, EV 99.4 MPH)
Batting: SHB Beaumont Sanchez 0-0: Ball
Evan Yanko steals 2nd base
1-0: Ball
2-0: Foul Ball, location: 2F
2-1: Ball
3-1: Called Strike
3-2: Base on Balls
Batting: LHB James Munsie 0-0: Foul Ball, location: 2F
0-1: Ball
Evan Yanko is caught stealing 3rd base 2-5
1-1: Ball
2-1: Foul Ball, location: 2F
2-2: SINGLE (Groundball, 4MD, EV 106.2 MPH)
Beaumont Sanchez to second
Runner from 2nd tries for 3rd, SAFE, throw by CF made to third
Batting: RHB Zeke Lebron 0-0: Ball
1-0: Ball
2-0: Ball
3-0: Base on Balls
James Munsie to second
Batting: LHB Dorsey Cahue 0-0: Ball
1-0: SINGLE (Line Drive, 78S, EV 95.0 MPH)
Beaumont Sanchez scores
James Munsie to third
Zeke Lebron to second
Runner from 3rd tries for Home, throw by LF and OUT! 7-2
Batting: RHB Vince Cox 0-0: Called Strike
0-1: Called Strike
0-2: Foul Ball, location: 2F
0-2: Ball
1-2: Fly out, F8 (Line Drive, 8LD, EV 91.9 MPH)
Bottom of the 1st over - 1 run, 3 hits, 0 errors, 2 left on base; California 1 - Wilmington 1
TOP OF THE 2ND
California Kodiaks batting - Pitching for Wilmington Wildcats : RHP Riley Boland
Batting: RHB Mitt Saginashvili 0-0: Ball
1-0: Called Strike
1-1: Ground out 4-3 (Groundball, 4, EV 84.4 MPH)
Batting: RHB C.J. Spicer 0-0: Swinging Strike
0-1: Foul Ball, location: 2F
0-2: Ball
1-2: Foul Ball, location: 2F
1-2: Ball
2-2: Ball
3-2: Strikes out swinging
Batting: LHB Sean Catron 0-0: Foul Ball, location: 2F
0-1: Foul Ball, location: 2F
0-2: Ground out 2-3 (Groundball, 15S, EV 65.0 MPH)
Top of the 2nd over - 0 runs, 0 hits, 0 errors, 0 left on base; California 1 - Wilmington 1
BOTTOM OF THE 2ND
Wilmington Wildcats batting - Pitching for California Kodiaks : RHP Benjamin Narvaez
Batting: SHB Danny Whitlock 0-0: Ball
1-0: Ball
2-0: Fly out, F6 (Popup, 6M, EV 60.0 MPH)
Batting: RHB Lucas Shultz 0-0: Ball
1-0: Called Strike
1-1: Ball
2-1: Called Strike
2-2: Ball
3-2: Fly out, F8 (Flyball, 78S, EV 84.4 MPH)
Batting: RHB Julian Crews 0-0: Ball
1-0: Called Strike
1-1: DOUBLE (Flyball, 8RD, EV 102.5 MPH)
Batting: RHB Evan Yanko 0-0: Ball
1-0: Ball
2-0: Fly out, F3 (Popup, 3SF, EV 81.2 MPH)
Bottom of the 2nd over - 0 runs, 1 hit, 0 errors, 1 left on base; California 1 - Wilmington 1
TOP OF THE 3RD
California Kodiaks batting - Pitching for Wilmington Wildcats : RHP Riley Boland
Batting: RHB Caron Wilson 0-0: Ball
1-0: Called Strike
1-1: Foul Ball, location: 2F
1-2: Ball
2-2: Ball
3-2: Ground out 3-1 (Groundball, 34S, EV 81.2 MPH)
Batting: RHB Damon Squyres 0-0: Foul Ball, location: 2F
0-1: Ball
1-1: Foul Ball, location: 2F
1-2: Strikes out swinging
Batting: LHB Stephen Caskey 0-0: Ground out 4-3 (Groundball, 4M, EV 88.8 MPH)
Top of the 3rd over - 0 runs, 0 hits, 0 errors, 0 left on base; California 1 - Wilmington 1
BOTTOM OF THE 3RD
Wilmington Wildcats batting - Pitching for California Kodiaks : RHP Benjamin Narvaez
Batting: SHB Beaumont Sanchez 0-0: Called Strike
0-1: Swinging Strike
0-2: Ball
1-2: Fly out, F9 (Flyball, 9D, EV 90.6 MPH)
Batting: LHB James Munsie 0-0: Foul Ball, location: 2F
0-1: Ground out 4-3 (Groundball, 4MD, EV 98.1 MPH)
Batting: RHB Zeke Lebron 0-0: Foul Ball, location: 2F
0-1: Ground out 6-3 (Groundball, 6D, EV 89.4 MPH)
Bottom of the 3rd over - 0 runs, 0 hits, 0 errors, 0 left on base; California 1 - Wilmington 1
TOP OF THE 4TH
California Kodiaks batting - Pitching for Wilmington Wildcats : RHP Riley Boland
Batting: RHB Stan Sikes 0-0: Foul Ball, location: 2F
0-1: Ball
1-1: Foul Ball, location: 2F
1-2: Foul Ball, location: 2F
1-2: Ball
2-2: SINGLE (Groundball, 56D, EV 105.6 MPH)
Batting: LHB Andy Wulfeck 0-0: Ball
1-0: Ball
2-0: Foul Ball, location: 2F
2-1: Foul Ball, location: 2F
2-2: Foul Ball, location: 2F
2-2: Strikes out looking
Batting: RHB Frank Memmi 0-0: Ball
1-0: Ball
2-0: Foul Ball, location: 2F
2-1: SINGLE (Flyball, 56D, EV 85.6 MPH)
Stan Sikes to second
Batting: RHB Mitt Saginashvili 0-0: Swinging Strike
0-1: Ball
1-1: Fly out, F7 (Flyball, 78M, EV 78.1 MPH)
Batting: RHB C.J. Spicer 0-0: Ball
1-0: Called Strike
1-1: Swinging Strike
1-2: Foul Ball, location: 2F
1-2: Ball
2-2: Ball
3-2: Foul Ball, location: 2F
3-2: Base on Balls
Stan Sikes to third
Frank Memmi to second
Batting: LHB Sean Catron 0-0: Called Strike
0-1: Ball
1-1: Ball
2-1: Fielders Choice at 2nd, 6-4 (Groundball, 6, EV 84.4 MPH)
Top of the 4th over - 0 runs, 2 hits, 0 errors, 3 left on base; California 1 - Wilmington 1
BOTTOM OF THE 4TH
Wilmington Wildcats batting - Pitching for California Kodiaks : RHP Benjamin Narvaez
Batting: LHB Dorsey Cahue 0-0: Called Strike
0-1: Foul Ball, location: 2F
0-2: Ball
1-2: Ball
2-2: Ball
3-2: Base on Balls
Batting: RHB Vince Cox 0-0: Ball
1-0: TRIPLE (Line Drive, 78XD, EV 96.9 MPH)
Dorsey Cahue scores
Batting: SHB Danny Whitlock 0-0: Called Strike
0-1: Hit by Pitch
Batting: RHB Lucas Shultz 0-0: Called Strike
0-1: Grounds into double play, 6-4-3 (Groundball, 56D, EV 106.2 MPH)
Vince Cox scores
Batting: RHB Julian Crews 0-0: Called Strike
0-1: Foul Ball, location: 2F
0-2: Strikes out swinging
Bottom of the 4th over - 2 runs, 1 hit, 0 errors, 0 left on base; California 1 - Wilmington 3
TOP OF THE 5TH
California Kodiaks batting - Pitching for Wilmington Wildcats : RHP Riley Boland
Batting: RHB Caron Wilson 0-0: Ball
1-0: Ball
2-0: Ground out 5-3 (Groundball, 5L, EV 85.6 MPH)
Batting: RHB Damon Squyres 0-0: Called Strike
0-1: Ball
1-1: Foul Ball, location: 2F
1-2: Foul Ball, location: 2F
1-2: Ball
2-2: Ball
3-2: SINGLE (Groundball, 56S, EV 66.9 MPH) (infield hit)
Batting: LHB Stephen Caskey 0-0: Ball
1-0: Ball
2-0: Called Strike
2-1: Ground out 6-3 (Groundball, 4MS, EV 92.5 MPH)
Damon Squyres to second
Batting: RHB Stan Sikes 0-0: Ball
1-0: Ball
2-0: Fly out, F9 (Flyball, 89S, EV 86.2 MPH)
Top of the 5th over - 0 runs, 1 hit, 0 errors, 1 left on base; California 1 - Wilmington 3
BOTTOM OF THE 5TH
Wilmington Wildcats batting - Pitching for California Kodiaks : RHP Benjamin Narvaez
Batting: RHB Evan Yanko 0-0: Ball
1-0: Foul Ball, location: 2F
1-1: Fly out, F9 (Flyball, 9, EV 90.6 MPH)
Batting: SHB Beaumont Sanchez 0-0: Called Strike
0-1: Foul Ball, location: 2F
0-2: Ball
1-2: Strikes out swinging
Batting: LHB James Munsie 0-0: TRIPLE (Line Drive, 78XD, EV 103.1 MPH)
Batting: RHB Zeke Lebron 0-0: Swinging Strike
0-1: Ball
1-1: Ball
2-1: Swinging Strike
2-2: Foul Ball, location: 2F
2-2: Fly out, F9 (Flyball, 9S, EV 83.1 MPH)
Bottom of the 5th over - 0 runs, 1 hit, 0 errors, 1 left on base; California 1 - Wilmington 3
TOP OF THE 6TH
California Kodiaks batting - Pitching for Wilmington Wildcats : RHP Riley Boland
Pitching: LHP Greg Padgett
Batting: LHB Andy Wulfeck 0-0: Called Strike
0-1: Foul Ball, location: 2F
0-2: Ball
1-2: Ball
2-2: Fly out, F9 (Flyball, 9D, EV 84.4 MPH)
Pitching: RHP Bradly Renne
Batting: RHB Frank Memmi 0-0: SINGLE (Flyball, 78S, EV 95.0 MPH)
Batting: RHB Mitt Saginashvili 0-0: SINGLE (Groundball, 4D, EV 98.1 MPH)
Frank Memmi to second
Batting: RHB C.J. Spicer 0-0: Ball
1-0: Foul Ball, location: 2F
1-1: Ball
2-1: Fly out, F8 (Flyball, 89M, EV 90.6 MPH)
Batting: LHB Sean Catron 0-0: Called Strike
0-1: Foul Ball, location: 2F
0-2: Foul Ball, location: 2F
0-2: Foul Ball, location: 2F
0-2: Ball
1-2: Ball
2-2: Foul Ball, location: 2F
2-2: Strikes out looking
Top of the 6th over - 0 runs, 2 hits, 0 errors, 2 left on base; California 1 - Wilmington 3
BOTTOM OF THE 6TH
Wilmington Wildcats batting - Pitching for California Kodiaks : RHP Benjamin Narvaez
Batting: LHB Dorsey Cahue 0-0: Ball
1-0: Ball
2-0: Called Strike
2-1: Swinging Strike
2-2: Fly out, F6 (Popup, 4MS, EV 81.2 MPH)
Pitching: RHP Ian Park
Batting: RHB Vince Cox 0-0: Ball
1-0: Called Strike
1-1: Ball
2-1: DOUBLE (Line Drive, 89XD, EV 98.8 MPH)
Batting: SHB Danny Whitlock 0-0: Ball
Vince Cox steals 3rd base
1-0: Called Strike
1-1: Ball
2-1: Swinging Strike
2-2: Strikes out looking
Batting: RHB Lucas Shultz 0-0: Foul Ball, location: 2F
0-1: Ground out 6-3 (Groundball, 6, EV 78.1 MPH)
Bottom of the 6th over - 0 runs, 1 hit, 0 errors, 1 left on base; California 1 - Wilmington 3
TOP OF THE 7TH
California Kodiaks batting - Pitching for Wilmington Wildcats : RHP Bradly Renne
Batting: RHB Caron Wilson 0-0: Called Strike
0-1: Called Strike
0-2: Strikes out looking
Batting: RHB Damon Squyres 0-0: Called Strike
0-1: SINGLE (Line Drive, 8RS, EV 103.1 MPH)
Batting: LHB Stephen Caskey Pickoff Play to 1st, Runner tries for 2nd, OUT after rundown.
0-0: Ball
1-0: SINGLE (Line Drive, 4M, EV 96.9 MPH)
Batting: RHB Stan Sikes 0-0: Called Strike
Stephen Caskey steals 2nd base
0-1: Swinging Strike
0-2: SINGLE (Line Drive, 89M, EV 99.4 MPH)
Stephen Caskey to third
Runner from 3rd tries for Home, SAFE, throw by CF to home
Stan Sikes to second
Batting: LHB Andy Wulfeck 0-0: Swinging Strike
0-1: Swinging Strike
0-2: Strikes out swinging
Top of the 7th over - 1 run, 3 hits, 0 errors, 1 left on base; California 2 - Wilmington 3
BOTTOM OF THE 7TH
Wilmington Wildcats batting - Pitching for California Kodiaks : RHP Ian Park
Batting: RHB Julian Crews 0-0: Ball
1-0: Ball
2-0: DOUBLE (Groundball, 3L, EV 100.6 MPH)
Batting: RHB Evan Yanko 0-0: Called Strike
0-1: Sac Bunt to P - play at first, batter OUT! 1-3
Julian Crews to third
Batting: SHB Beaumont Sanchez 0-0: Ground out 4-3 (Groundball, 4, EV 99.4 MPH)
Batting: LHB James Munsie 0-0: Swinging Strike
0-1: Ball
1-1: Called Strike
1-2: Strikes out swinging
Bottom of the 7th over - 0 runs, 1 hit, 0 errors, 1 left on base; California 2 - Wilmington 3
TOP OF THE 8TH
California Kodiaks batting - Pitching for Wilmington Wildcats : RHP Bradly Renne
Batting: RHB Frank Memmi 0-0: Swinging Strike
0-1: Ball
1-1: Ball
2-1: Foul Ball, location: 2F
2-2: Foul Ball, location: 2F
2-2: Foul Ball, location: 2F
2-2: Foul Ball, location: 2F
2-2: Strikes out looking
Pinch Hitting: LHB Joey Robertson 0-0: Foul Ball, location: 2F
0-1: Ball
1-1: Ground out 4-3 (Groundball, 4, EV 90.0 MPH)
Batting: RHB C.J. Spicer 0-0: Foul Ball, location: 2F
0-1: Ball
1-1: Ball
2-1: Swinging Strike
2-2: Foul Ball, location: 2F
2-2: SINGLE (Line Drive, 8RS, EV 95.0 MPH)
Pitching: LHP Chance Goodwin
Batting: LHB Sean Catron 0-0: Foul Ball, location: 2F
0-1: Ball
1-1: Foul Ball, location: 2F
1-2: Foul Ball, location: 2F
1-2: SINGLE (Line Drive, 6MD, EV 101.2 MPH)
C.J. Spicer to second
Pitching: RHP Abel Harreld
Batting: RHB Caron Wilson 0-0: Called Strike
0-1: Ball
1-1: Foul Ball, location: 2F
1-2: Foul Ball, location: 2F
1-2: Ball
2-2: Foul Ball, location: 2F
2-2: Ball
3-2: Strikes out looking
Top of the 8th over - 0 runs, 2 hits, 0 errors, 2 left on base; California 2 - Wilmington 3
BOTTOM OF THE 8TH
Wilmington Wildcats batting - Pitching for California Kodiaks : RHP Ian Park
Pitching: RHP Jonathon Berman
Now at 2B: Hayden Cornett
Batting: RHB Zeke Lebron 0-0: Swinging Strike
0-1: Ball
1-1: Called Strike
1-2: Ball
2-2: Strikes out swinging
Batting: LHB Dorsey Cahue 0-0: Ball
1-0: Foul Ball, location: 2F
1-1: Ground out U3 (Groundball, 3, EV 86.2 MPH)
Batting: RHB Vince Cox 0-0: Called Strike
0-1: Ball
1-1: Ground out 6-3 (Groundball, 56, EV 98.8 MPH)
Bottom of the 8th over - 0 runs, 0 hits, 0 errors, 0 left on base; California 2 - Wilmington 3
TOP OF THE 9TH
California Kodiaks batting - Pitching for Wilmington Wildcats : RHP Abel Harreld
Pitching: RHP Ron Thomas
Batting: RHB Damon Squyres 0-0: Ball
1-0: Swinging Strike
1-1: Called Strike
1-2: Ball
2-2: Foul Ball, location: 2F
2-2: Foul Ball, location: 2F
2-2: Ball
3-2: Base on Balls
Batting: LHB Stephen Caskey 0-0: Sac Bunt to 15 - play at second, runner OUT! 1-6
Batting: RHB Stan Sikes 0-0: SINGLE (Line Drive, 78M, EV 95.0 MPH)
Stephen Caskey to second
Runner from 2nd tries for 3rd, SAFE, throw by LF made to third
Batting: LHB Andy Wulfeck 0-0: Called Strike
0-1: Foul Ball, location: 2F
0-2: Foul Ball, location: 2F
0-2: Ball
1-2: DOUBLE (Line Drive, 7LM, EV 100.6 MPH)
Stephen Caskey scores
Stan Sikes to third
Runner from 3rd tries for Home, SAFE, throw by LF to trailing runner, SAFE at third!
Batting: RHB Frank Memmi 0-0: Ball
1-0: Foul Ball, location: 2F
1-1: Foul Ball, location: 2F
1-2: Ball
2-2: Ball
3-2: Foul Ball, location: 2F
3-2: Strikes out looking
Batting: RHB Hayden Cornett 0-0: Called Strike
0-1: Foul Ball, location: 2F
0-2: Foul Ball, location: 2F
0-2: Ball
1-2: Foul Ball, location: 2F
1-2: Strikes out looking
Top of the 9th over - 2 runs, 2 hits, 0 errors, 1 left on base; California 4 - Wilmington 3
BOTTOM OF THE 9TH
Wilmington Wildcats batting - Pitching for California Kodiaks : RHP Jonathon Berman
Batting: SHB Danny Whitlock 0-0: Ball
1-0: Called Strike
1-1: Ball
2-1: Foul Ball, location: 2F
2-2: Strikes out looking
Pinch Hitting: RHB Raymond Dixon 0-0: Fly out, F9 (Flyball, 9D, EV 97.5 MPH)
Batting: RHB Julian Crews 0-0: Called Strike
0-1: Foul Ball, location: 2F
0-2: Ball
1-2: Strikes out looking
Bottom of the 9th over - 0 runs, 0 hits, 0 errors, 0 left on base; California 4 - Wilmington 3
Saturday, April 27th , 2024 - OOTP Baseball 23.10 Build 110